cohdb
Replays
Latest Replays
All Replays
Popular Replays
Top Player Replays
Match Explorer
How It Works
Community
CoH3 Stats
Reddit
Sign in to upload your games and track your stats! →
Sign in with Steam
Match 45764192
Unlisted
Match 45764192
Overview
Messages
Build Orders
End
Royal Engineer Section
Selects Heavy Armor Battlegroup
Construct Section Command Post
Infantry Section
Infantry Section
Dingo Light Scout Car
Construct Platoon Command Post
Unlock M3 Stuart Light Tanks
Selects Rigorous Vehicle Training
Selects Light Vehicle Withdraw and Refit
M3 Stuart Light Tank
M3 Stuart Light Tank
Construct Field Infirmary
Vickers Machine Gun Team
6-pounder Anti-tank Gun Team
Construct Company Command Post
Crusader II Medium Tank
Crusader II Medium Tank
Selects Radio Net
Selects Designate Targets
Designate Targets
Crusader II Medium Tank
Crusader II Medium Tank
Radio Net
Royal Engineer Section
Selects Forward Repair Assembly
Radio Net
GreenApple
MadMax
0
0
Comments
sign in to comment!
No comments posted yet!